cohdb
Replays
Latest Replays
All Replays
Popular Replays
Top Player Replays
Match Explorer
How It Works
Community
CoH3 Stats
Reddit
Sign in to upload your games and track your stats! →
Sign in with Steam
Match 45218137
Unlisted
Match 45218137
Overview
Messages
Build Orders
End
Panzerpioneer Squad
Panzerpioneer Squad
Selects Panzerjäger Kommand Battlegroup
Selects Blockade Equipment
Panzerpioneer Squad
250 Light Carrier
Construct Light Support Kompanie
Selects GrB 39 Grenade Launcher Requisition
MG34 Team
Construct Mechanized Kompanie
Assault Mechanized Group
Marder III Tank Destroyer
254 Reconnaissance Tractor
2.5-tonne Medical Truck
大馋猫-player
Vi
하나은행인주도둑
ionwood
B1t
Service.(∠・ω< )⌒♡
中国人不打中国人
Thomas Shelby
0
0
Comments
sign in to comment!
No comments posted yet!